 Dungeon Crawl Stone Soup version 0.22.1-2-g9c5b331 (webtiles) character file.

189 Tiagovsky the Ruffian (level 5, -1/81 HPs)
             Began as a Troll Berserker on Jan 5, 2019.
             Was a Believer of Trog.
             Slain by a gnoll
             ... wielding a +0 spear
              (4 damage)
             ... on level 4 of the Dungeon.
             The game lasted 00:10:42 (2718 turns).

Tiagovsky the Ruffian (Troll Berserker)             Turns: 2718, Time: 00:10:46

Health: -1/81      AC:  5    Str: 31    XL:     5   Next: 40%
Magic:  13/13      EV: 10    Int:  3    God:    Trog [**....]
Gold:   160        SH:  0    Dex:  9    Spells: 4/4 levels left

rFire    . . .     SeeInvis .     - Unarmed
rCold    . . .     Gourm    +   (no shield)
rNeg     . . .     Faith    .   a - +0 animal skin
rPois    .         Spirit   .   (helmet restricted)
rElec    .         Reflect  .   (no cloak)
rCorr    .         Harm     .   (gloves unavailable)
MR       ++...                  (boots unavailable)
Stlth    ..........             (no amulet)
HPRegen  1.63/turn              n - ring of magical power
MPRegen  0.13/turn              (no ring)

@: berserking, regenerating, very quick
A: large, unfitting armour, claws 3, fast metabolism 3, gourmand, regeneration
1, shaggy fur 1, tough skin 2
a: Berserk, Trog's Hand, Renounce Religion


You were on level 4 of the Dungeon.
You worshipped Trog.
Trog was pleased with you.
You were not hungry.

You visited 1 branch of the dungeon, and saw 4 of its levels.

You collected 160 gold pieces.

Inventory:

Hand Weapons
 d - a +0 hunting sling
Missiles
 h - 54 stones (quivered)
Armour
 a - a +0 animal skin (worn)
Jewellery
 n - a ring of magical power (left claw)
Wands
 k - a wand of disintegration (18)
Scrolls
 c - a scroll of blinking
 e - a scroll of identify
 g - 4 scrolls of teleportation
 m - a scroll of enchant armour {unknown}
 o - a scroll of fear {unknown}
Potions
 i - 2 potions of heal wounds {unknown}
 j - a potion of invisibility {unknown}
 l - 5 potions of curing
 p - 2 potions of flight {unknown}
Comestibles
 b - 6 rations


   Skills:
 + Level 4.0 Fighting
 - Level 2.4 Dodging
 + Level 4.8 Unarmed Combat


You had 4 spell levels left.
You didn't know any spells.
Your spell library was empty.

Dungeon Overview and Level Annotations

Branches:
Dungeon (4/15)
 Temple: D:4-7

Altars:
Elyvilon
Kikubaaqudgha
Nemelex Xobeh
Okawaru
Trog
Zin
The Shining One


Innate Abilities, Weirdness & Mutations

You are too large for most types of armour.
You have claws for hands.
Your metabolism is lightning-fast.
You like to eat raw meat.
Your natural rate of healing is unusually fast.
You are covered in fur. (AC +1)
You have very tough skin. (AC +2)


Message History

You claw the gnoll!
You kill the gnoll!
Trog accepts your kill.
The gnoll hits you from afar with a spear.
* * * LOW HITPOINT WARNING * * *
You closely miss the gnoll shaman.
The gnoll hits you from afar with a spear.
* * * LOW HITPOINT WARNING * * *
The gnoll hits you from afar with a halberd.
* * * LOW HITPOINT WARNING * * *
The gnoll shaman hits you with a whip.
* * * LOW HITPOINT WARNING * * *
You completely miss the gnoll shaman. The gnoll barely misses you.
You mangle the gnoll shaman!!
You kill the gnoll shaman!
Trog accepts your kill.
Your Fighting skill increases to level 4!
The gnoll closely misses you.
The gnoll hits you from afar with a spear.
You die...

#.# #.# #.#
#.# #.# # #.#
#. #)#
(###..#####<#
(....g)@....#
#####g#######
#


You could see 2 gnolls.

Vanquished Creatures
  A gnoll shaman (D:4)
  Natasha (D:2)
  5 adders
  2 gnolls (D:4)
  A worm (D:2)
  2 dart slugs
  2 leopard geckos
  An orc (D:3)
  5 giant cockroaches
  9 goblins
  8 hobgoblins
  A quokka (D:2)
  3 ball pythons
  7 bats
  3 frilled lizards
  9 kobolds
  3 rats
63 creatures vanquished.

Notes
Turn   | Place    | Note
-------+----------+-------------------------------------------
     0 | D:1      | Tiagovsky the Troll Berserker began the quest for the Orb.
     0 | D:1      | Reached XP level 1. HP: 22/22 MP: 0/0
    96 | D:1      | Reached XP level 2. HP: 29/29 MP: 1/1
   645 | D:1      | Reached XP level 3. HP: 36/37 MP: 2/2
  1245 | D:2      | Reached ** piety under Trog
  1434 | D:2      | Found a glowing golden altar of the Shining One.
  1486 | D:2      | Found a white marble altar of Elyvilon.
  1550 | D:2      | Found an ancient bone altar of Kikubaaqudgha.
  1604 | D:2      | Found a glowing silver altar of Zin.
  1655 | D:2      | Noticed Natasha
  1670 | D:2      | Killed Natasha
  1670 | D:2      | Reached XP level 4. HP: 42/45 MP: 3/3
  1998 | D:3      | Found an iron altar of Okawaru.
  2254 | D:3      | Found a sparkling altar of Nemelex Xobeh.
  2314 | D:3      | Found a bloodstained altar of Trog.
  2557 | D:3      | Reached XP level 5. HP: 52/54 MP: 4/4
  2716 | D:4      | HP: 1/81 [gnoll shaman/whip (4)]
  2718 | D:4      | Slain by a gnoll

Skill      XL: |  1  2  3  4  5 |
---------------+----------------+-----
Fighting       | 3 4 |  4.0
Unarmed Combat | 4 |  4.8
Dodging        | |  2.4

Action                   |  1- 3 |  4- 6 || total
-------------------------+-------+-------++-------
Melee: Unarmed           |    98 |    48 ||   146
       Punch             |     1 |       ||     1
Throw: Tomahawk          |    19 |    12 ||    31
       Stone             |     1 |     2 ||     3
Invok: Berserk           |       |     1 ||     1
       Trog's Hand       |       |     1 ||     1
  Use: Scroll            |       |     6 ||     6
  Eat: Chunk             |    21 |     6 ||    27
Armor: Animal skin       |    35 |    12 ||    47
Dodge: Dodged            |    56 |    30 ||    86
